 Dungeon Crawl Stone Soup version 0.31.0-11-ge490571c62 (webtiles) character file.

Game seed: 2614448711445467564

1836321 Aldia the Hoplite (level 26, 276/276 HPs)
             Began as an Armataur Fighter on Jan 27, 2024.
             Was an Elder of Okawaru.
             Escaped with the Orb
             ... and 3 runes!
             The game lasted 02:27:22 (56843 turns).

Aldia the Hoplite (Armataur Fighter)               Turns: 56843, Time: 02:27:22

Health: 276/276    AC: 52    Str: 42    XL:     26   Next: 9%
Magic:  42/42      EV: 11    Int: 12    God:    Okawaru [****..]
Gold:   4503       SH: 27    Dex: 20    Spells: 23/39 levels left

rFire   + + .        g - +8 eveningstar (drain)
rCold   + + .        s - +2 tower shield
rNeg    + . .        l - +8 gold dragon scales
rPois   +            d - +2 helmet {rF+}
rElec   .            f - +2 cloak {rCorr}
rCorr   +            E - +2 pair of gloves "Uqeunihe" {rC+ Str+4}
SInv    .            o - +3 barding {Fly}
Will    ++...        K - amulet of Ehiedef {Regen+ Dex+4 Slay+3} Stlth
                     r - ring of Raihuro {rN+ Str+6 Dex+5}
HPRegen 1.46/turn    L - ring "Iskeixzom" {Will+ rCorr MP+9 Str+2 Int+3}
MPRegen 0.28/turn

%: roll
@: flying, studying 3 skills
A: large, deformed body, tough skin 3, armoured tail, roll 2, clumsy 1,
deterioration 1, robust 1, sturdy frame 1
0: Orb of Zot
}: 3/15 runes: decaying, slimy, gossamer
a: Renounce Religion, Heroism, Finesse


You escaped.
You worshipped Okawaru.
Okawaru was greatly pleased with you.
You visited 11 branches of the dungeon, and saw 52 of its levels.
You visited 1 bazaar.
You also visited: Ice Cave, Wizlab and Desolation.

You collected 7334 gold pieces.
You spent 2831 gold pieces at shops.

Inventory:

Hand Weapons
 g - a +8 eveningstar of draining (weapon)
Missiles
 b - 25 javelins
 V - 25 silver javelins (quivered)
 W - 3 throwing nets
Armour
 c - +1 storm dragon scales
 d - a +2 helmet of fire resistance (worn)
 f - a +2 cloak of preservation (worn)
 l - +8 gold dragon scales (worn)
 o - a +3 barding of flying (worn)
 s - a +2 tower shield (worn)
 E - the +2 pair of gloves "Uqeunihe" (worn) {rC+ Str+4}
   (You acquired it on level 1 of the Lair of Beasts)

   Str+4:     It affects your strength (+4).
   rC+:       It protects you from cold.
 F - a +3 plate armour of willpower
 R - a +2 crystal plate armour
Jewellery
 k - an amulet of magic regeneration
 r - the ring of Raihuro (left hand) {rN+ Str+6 Dex+5}
   (You took it off a draconian annihilator on level 4 of the Realm of Zot)

   [ring of positive energy]

   Str+6:     It affects your strength (+6).
   Dex+5:     It affects your dexterity (+5).
   rN+:       It protects you from negative energy.
 z - a +4 ring of slaying
 H - the amulet "Urghyso" {Faith rPois rCorr Dex+2}
   (You took it off a yellow draconian on level 4 of the Realm of Zot)

   [amulet of faith]

   Faith:     It allows you to gain divine favour quickly.
   Dex+2:     It affects your dexterity (+2).
   rPois:     It protects you from poison rCorr: It protects you from acid and
   corrosion.
 J - a +4 ring of protection
 K - the amulet of Ehiedef (around neck) {Regen+ Dex+4 Slay+3}
   (You bought it in a shop on level 1 of the Vaults)

   [amulet of regeneration]

   Dex+4:     It affects your dexterity (+4).
   Slay+3:    It affects your accuracy & damage with ranged weapons and melee
   (+3).
   Regen+:    It increases your rate of health regeneration.
 L - the ring "Iskeixzom" (right hand) {Will+ rCorr MP+9 Str+2 Int+3}
   (You found it on level 3 of the Depths)

   [ring of magical power]

   Str+2:     It affects your strength (+2).
   Int+3:     It affects your intelligence (+3).
   Will+:     It increases your willpower.
   MP+9:      It affects your magic capacity (+9).
   rCorr:     It protects you from acid and corrosion.
 M - a ring of protection from cold
 O - the ring of Uxoevo {rPois Str-5 Dex-5 SInv Stlth+}
   (You found it on level 5 of the Pits of Slime)

   [ring of see invisible]

   Str-5:     It affects your strength (-5).
   Dex-5:     It affects your dexterity (-5).
   rPois:     It protects you from poison SInv: It lets you see invisible.
   Stlth+:    It makes you more stealthy.
 T - the ring "Qeintyas" {rElec Will- Dex+3 SInv}
   (You found it in the Desolation of Salt)

   [ring of see invisible]

   Dex+3:     It affects your dexterity (+3).
   rElec:     It insulates you from electricity.
   Will-:     It decreases your willpower.
   SInv:      It lets you see invisible.
Wands
 t - a wand of quicksilver (6)
 y - a wand of roots (36)
 D - a wand of polymorph (25)
 Y - a wand of digging (15)
Scrolls
 a - 2 scrolls of immolation
 e - 2 scrolls of brand weapon
 i - 10 scrolls of teleportation
 n - 4 scrolls of noise
 p - 3 scrolls of fear
 u - 9 scrolls of vulnerability
 I - 4 scrolls of torment
 N - 2 scrolls of fog
 S - 3 scrolls of silence
Potions
 h - 8 potions of enlightenment
 j - 9 potions of haste
 q - 26 potions of curing
 v - 7 potions of invisibility
 w - 3 potions of resistance
 A - 5 potions of mutation
 B - 8 potions of attraction
 C - 5 potions of ambrosia
 G - 2 potions of magic
 Q - a potion of heal wounds
 U - 4 potions of brilliance
 X - 6 potions of might
 Z - a potion of cancellation
Miscellaneous
 P - a lightning rod (4/4)


   Skills:
 + Level 23.4 Fighting
 - Level 16.0 Maces & Flails
 - Level 11.0 Throwing
 - Level 23.0 Armour
 + Level 10.4 Dodging
 + Level 23.5 Shields
 - Level 7.0 Spellcasting
 - Level 12.0 Translocations
 + Level 12.3 Invocations
 - Level 3.0 Evocations


You had 23 spell levels left.
You knew the following spells:

 Your Spells              Type           Power      Damage    Failure   Level
a - Apportation           Tloc           66%        N/A       1%          1
b - Blink                 Tloc           66%        N/A       1%          2
c - Manifold Assault      Tloc           33%        N/A       4%          4
d - Passage of Golubria   Tloc           33%        N/A       4%          4
e - Lesser Beckoning      Tloc           66%        N/A       1%          2
f - Teleport Other        Tloc           33%        N/A       1%          3

Your spell library contained the following spells:

 Spells                   Type           Power      Damage    Failure   Level
 Gell's Gravitas          Tloc           33%        N/A       1%          3
 Momentum Strike          Conj/Tloc      36%        3d9       9%          2
 Volatile Blastmotes      Fire/Tloc      36%        2d13      16%         3
 Dimensional Bullseye     Hex/Tloc       9%         N/A       47%         4
 Iskenderun's Mystic Bla  Conj/Tloc      18%        2d6       47%         4
 Vhi's Electric Charge    Tloc/Air       36%        N/A       47%         4
 Foxfire                  Conj/Fire      16%        2x1d4     54%         1
 Freeze                   Ice            16%        1d4       54%         1
 Magic Dart               Conj           16%        1d3       54%         1
 Necrotise                Necr           16%        1d4       54%         1
 Sting                    Conj/Alch      16%        1d4       54%         1
 Dispersal                Tloc           16%        N/A       56%         6
 Cigotuvi's Dreadful Rot  Necr/Alch/Air  8%         N/A       67%         2
 Ensorcelled Hibernation  Hex/Ice        8%         N/A       67%         2
 Jinxbite                 Hex            8%         N/A       67%         2
 Mercury Vapours          Alch/Air       8%         N/A       67%         2
 Searing Ray              Conj           8%         2d4       67%         2
 Dazzling Flash           Conj/Hex       8%         N/A       88%         3
 Frozen Ramparts          Ice            8%         1d2       88%         3
 Fugue of the Fallen      Necr           4%         N/A       88%         3
 Hailstorm                Conj/Ice       4%         3d5       88%         3
 Inner Flame              Hex/Fire       4%         N/A       88%         3
 Mephitic Cloud           Conj/Alch/Air  4%         N/A       88%         3
 Ozocubu's Armour         Ice            4%         N/A       88%         3
 Passwall                 Erth           4%         N/A       88%         3
 Sigil of Binding         Hex            4%         N/A       88%         3
 Swiftness                Air            4%         N/A       88%         3
 Anguish                  Hex/Necr       2%         N/A       99%         4
 Brom's Barrelling Bould  Conj/Erth      4%         2d3       99%         4
 Cause Fear               Hex            2%         N/A       99%         4
 Flame Wave               Conj/Fire      4%         2d5       99%         4
 Fulminant Prism          Conj/Alch      2%         3d5       99%         4
 Ignite Poison            Fire/Alch      4%         N/A       99%         4
 Sticky Flame             Fire/Alch      4%         2d4       99%         4
 Alistair's Intoxication  Alch           2%         N/A       100%        5
 Arcjolt                  Conj/Air       2%         1d12      100%        5
 Curse of Agony           Necr           4%         N/A       100%        5
 Fireball                 Conj/Fire      2%         3d4       100%        5
 Freezing Cloud           Conj/Ice/Air   2%         6-21      100%        5
 Iskenderun's Battlesphe  Conj           4%         2d6       100%        5
 Lee's Rapid Deconstruct  Erth           2%         3d4*      100%        5
 Metabolic Englaciation   Hex/Ice        2%         N/A       100%        5
 Silence                  Hex/Air        2%         N/A       100%        5
 Yara's Violent Unravell  Hex/Alch       2%         3d3       100%        5
 Conjure Ball Lightning   Conj/Air       2%         3x3d6     100%        6
 Plasma Beam              Fire/Air       2%         2x1d12    100%        6
 Starburst                Conj/Fire      2%         6d3       100%        6
 Orb of Destruction       Conj           2%         9d5       100%        7
 Disjunction              Tloc           16%        N/A       100%        8
 Maxwell's Capacitive Co  Air            2%         ∞         100%        8
 Chain Lightning          Conj/Air       2%         3d2       100%        9
 Death's Door             Necr           2%         N/A       100%        9
 Fire Storm               Conj/Fire      2%         8d1       100%        9
 Shatter                  Erth           2%         3d6*      100%        9
 Summon Small Mammal      Summ           Unusable   N/A       N/A         1
 Call Imp                 Summ           Unusable   N/A       N/A         2
 Call Canine Familiar     Summ           Unusable   N/A       N/A         3
 Summon Ice Beast         Ice/Summ       Unusable   N/A       N/A         3
 Tukima's Dance           Hex            Unusable   N/A       N/A         3
 Animate Armour           Summ/Erth      Unusable   N/A       N/A         4
 Summon Lightning Spire   Summ/Air       Unusable   N/A       N/A         4
 Sculpt Simulacrum        Ice/Alch       Unusable   N/A       N/A         6
 Dragon's Call            Summ           Unusable   N/A       N/A         9

Dungeon Overview and Level Annotations

Branches:
Dungeon (15/15)            Temple (1/1) D:6            Lair (5/5) D:11
  Swamp (4/4) Lair:3       Spider (4/4) Lair:2        Slime (5/5) Lair:4
    Orc (2/2) D:12            Elf (3/3) Orc:2        Vaults (4/5) D:14
  Crypt (0/3) Vaults:2     Depths (4/4) D:15            Zot (5/5) Depths:4
  IceCv (visited)          WizLab (visited)         Desolation (visited)

Altars:
Ashenzari
Cheibriados
Dithmenos
Elyvilon
Fedhas
Gozag
Hepliaklqana
Kikubaaqudgha
Makhleb
Nemelex Xobeh
Okawaru
Qazlal
Ru
Sif Muna
Trog
Uskayaw
Vehumet
Wu Jian
Xom
Yredelemnul
Zin
The Shining One
Lugonu

Shops:
D:3 **:   D:14 *   D:15 *   Orc:2 ?!**   Elf:1 ![=[   Vaults:1 *(   Vaults:2 [
Vaults:3 (   Zot:3 *

Portals:
Hell: Depths:1 Depths:2 Depths:3 Depths:4
Abyss: Depths:1 Depths:2 Depths:3 Depths:4
Pandemonium: Depths:2
Ziggurat: Depths:2

Annotations:
D:15 2 runed translucent doors, Bodgh's ghost, weakling FoBr
Lair:2 exclusion: 4 oklob plants
Lair:5 3 runed translucent doors, Xavori's ghost, journeyman DjCK
Spider:1 1 runed translucent door, Daunt's ghost, journeyman GnEE
Spider:2 3 runed translucent doors, Rem's ghost, journeyman GnIE
Elf:2 3 runed translucent doors
Vaults:2 3 runed translucent doors, deprived's ghost, veteran HOFi
Depths:1 3 runed translucent doors, zenocrate's ghost, adept VSEn
Zot:2 36 runed translucent doors
Zot:3 3 runed translucent doors, exclusion: obsidian statue, runemage's ghost, legendary GnFi


Innate Abilities, Weirdness & Mutations

Armour fits poorly on your strangely shaped body.
You have extremely tough skin. (AC +3)
You have a long armoured tail.
You regenerate magic and health when rolling toward enemies. (Rampage Regen)
You are clumsy. (Dex -2)
Your body sometimes deteriorates upon taking damage.
You are robust. (+10% HP)
Your movements are slightly less encumbered by armour. (ER -2)


Message History

There is a stone staircase leading up here.
The cherub unwields a +0 long sword of flaming.
It stops flaming.
The cherub wields a +0 longbow.
The cherub shoots an arrow.
You block the arrow.
There is a stone staircase leading up here.
You fly upwards.
There is a stone staircase leading down here.
What level of the Dungeon? (default 1, ? - help)
There is a stone staircase leading up here.
You fly upwards.
There is a stone staircase leading down here.
There is a stone staircase leading up here.
You fly upwards.
There is a stone staircase leading down here.
A rust devil comes into view.
The rust devil screeches!
Casting: Blink (safe; 1% risk of failure)
Confirm with . or Enter, or press ? or * to list all spells.
Aiming: Passage of Golubria (mildly dangerous; 4% risk of failure)
Press: ? - help, Dir - move target You enter the passage of Golubria.
There is a passage of Golubria here.
Unknown command.
This passage doesn't lead anywhere!
This passage doesn't lead anywhere!
You hit the rust devil. You tail-slap the rust devil!!
The rust devil is severely wounded.
You spit the rust devil like a pig!!!
You kill the rust devil!
Okawaru accepts your kill.
There is a fountain of clear blue water here.
There is an escape hatch in the floor here.
There is a fountain of clear blue water here.
You hear a snapping sound.
There is an open door here.
There is an open door here.
There is a staircase leading out of the dungeon here.
Char dumped successfully.
You can't go down here!
You have escaped!

###########.# #.# #.## #.# #.#
#..# #.# #.# ##.# #.# #.# #.# #.#
#.# #.# #.# #.# #.# #.# ##### #.#
#.###...## ##.## #..#..@..# #...#
######.....#######.#.#
###...###...###...####.#### ###
##.......##'##.......##....# ..#
#.).......#.#.........####.# #.#
#.........'.'.........#....#
#.####.........#.#.........#..###
#>...##.......##'##.......##..#
#####.###...####.####...###..##


There were no monsters in sight!

Vanquished Creatures
  the Royal Jelly (Slime:5)
  A dread lich (Zot:5)
  2 ancient liches
  3 orbs of fire
  A pandemonium lord (Zot:5)
  2 juggernauts (Depths:4)
  Boris (Depths:2)
  2 Killer Klowns (Zot:5)
  Parghit (Zot:3)
  Margery (Vaults:3)
  4 caustic shrikes (Depths:4)
  6 golden dragons
  Norris (Depths:3)
  Jory (Vaults:3)
  2 electric golems
  11 tentacled monstrosities
  Rupert (D:12)
  16 Orb Guardians
  Mlioglotl (Swamp:1)
  A titan (Depths:4)
  6 quicksilver dragons
  A walking earthen tome (Depths:3)
  A walking divine tome (Depths:3)
  5 sphinxes
  3 walking frostbound tomes (Depths:3)
  12 acid blobs
  A searing wretch (Vaults:3)
  Gastronok (Lair:2)
  13 death cobs
  Frances (D:12)
  16 storm dragons
  2 tengu reavers (Depths:1)
  5 shadow dragons
  Donald (Orc:2)
  2 revenants (Vaults:2)
  Aizul (Elf:1)
  5 fire giants
  9 azure jellies
  9 rockslimes
  9 draconian monks
  A demonspawn warmonger (D:6)
  9 frost giants
  7 draconian knights
  2 iron dragons
  A deep elf sorcerer (Vaults:3)
  2 emperor scorpions
  5 draconian shifters
  A juggernaut zombie (Depths:1)
  12 vault wardens
  Louise (D:14)
  11 ghost moths
  5 draconian scorchers
  A curse skull (Vaults:2)
  2 imperial myrmidons (Desolation)
  8 quicksilver oozes (Slime:5)
  A reaper (D:6)
  7 orc warlords
  3 broodmothers
  A draconian stormcaller (Zot:3)
  21 very ugly things
  17 ironbound preservers
  4 ironbound thunderhulks
  14 stone giants
  8 draconian annihilators
  2 formless jellyfish
  3 deep elf death magi
  An eleionoma (Swamp:2)
  9 green draconians
  14 dire elephants
  2 halazid warlocks (Desolation)
  4 vampire knights (Depths:2)
  2 deep elf demonologists
  3 war gargoyles (Vaults:2)
  12 black draconians
  13 white draconians
  11 red draconians
  4 bunyips
  10 purple draconians
  Azrael (Orc:2)
  9 yellow draconians
  7 ettins
  A blizzard demon (Depths:3)
  6 spark wasps
  A green death (Depths:2)
  An eidolon (Vaults:2)
  3 jiangshi (Depths:1)
  11 entropy weavers
  Josephine (Orc:1)
  A deep elf high priest (Vaults:3)
  7 yaktaur captains
  9 fire dragons
  9 vault guards
  5 crystal guardians
  9 ragged hierophants (Desolation)
  Fannar (Lair:1)
  7 great orbs of eyes
  18 ice dragons
  A rakshasa (Depths:2)
  12 hydras
  3 ghost crabs
  9 peacekeepers
  4 servants of whispers (Desolation)
  3 spriggan air magi
  10 ironbound frosthearts
  A hell beast (Depths:2)
  2 catoblepae
  11 alligators
  13 centaur warriors
  Erica (D:10)
  An anaconda (shapeshifter) (Depths:1)
  An ogre mage (D:14)
  10 boulder beetles
  13 dancing weapons
  9 two-headed ogres
  9 deep troll shamans
  2 vampire magi
  7 deep troll earth magi
  7 tengu warriors
  The ghost of SlowGraham the Nimble, a journeyman DEMo of Vehumet (Lair:1)
  4 death yaks
  8 demonic crawlers
  6 hell hogs
  A soul eater (Depths:4)
  4 spriggan berserkers
  2 occultists
  6 orc high priests
  Urug (D:13)
  14 spriggans
  A sun demon (Depths:4)
  4 skysharks (Depths:3)
  6 hell knights
  13 iron trolls
  6 skeletal warriors
  6 deep elf knights
  7 pharaoh ants
  3 goliath frogs
  Lodul (D:10)
  A golden dragon zombie (Depths:1)
  2 spriggan druids (Depths:1)
  4 swamp dragons
  6 orb spiders
  3 flayed ghosts
  58 deep trolls
  3 bog bodies
  9 deep elf archers
  19 ironbound convokers
  A necromancer (Depths:1)
  7 arcanists
  19 deep elf pyromancers
  4 glowing orange brains
  15 orc knights
  10 steelbarb worms
  2 orange crystal statues
  7 lindwurms
  7 harpies
  A steelbarb worm (shapeshifter) (Depths:4)
  12 deep elf zephyrmancers
  2 phantasmal warriors (Depths:2)
  16 wolf spiders
  A shining eye (Slime:5)
  55 ugly things
  2 will-o-the-wisps
  9 orc sorcerers
  9 meliai
  21 moths of wrath
  5 manticores
  A fire giant zombie (Depths:1)
  A shining eye (shapeshifter) (Depths:2)
  7 cyclopes
  2 meliai (shapeshifter) (Elf:2)
  An elephant (Lair:2)
  A black mamba (shapeshifter) (Depths:1)
  2 kobold blastminers (Orc:1)
  An elephant (shapeshifter) (Depths:2)
  11 vault sentinels
  A rust devil (D:1)
  3 smoke demons
  10 black mambas
  2 gargoyles
  5 eyes of devastation (Slime:5)
  A hellion (Depths:4)
  5 guardian serpents
  20 cane toads
  7 torpor snails
  A kobold demonologist (D:11)
  34 yaktaurs
  A golden dragon simulacrum (Depths:1)
  6 freezing wraiths
  3 komodo dragons
  2 tengu conjurers
  3 rime drakes
  An efreet (D:15)
  12 polar bears
  Psyche (D:8)
  7 trolls
  11 tyrant leeches
  25 tarantellas
  A queen bee (Lair:2)
  20 blink frogs
  An alligator simulacrum (IceCv)
  17 hornets
  4 raiju (Lair:5)
  62 saltlings (Desolation)
  A dream sheep (Lair:5)
  Grinder (D:6)
  92 slime creatures
  A snapping turtle (shapeshifter) (Depths:3)
  2 glass eyes (Slime:5)
  A jumping spider (shapeshifter) (Depths:3)
  2 air elementals (Elf:1)
  31 culicivoras
  3 shadows
  A culicivora (shapeshifter) (Vaults:1)
  Sigmund (D:2)
  30 jumping spiders
  64 yaks
  10 wraiths
  2 fire bats (Depths:4)
  2 dire elephant simulacra (IceCv)
  6 basilisks
  3 vampires
  A water elemental (Elf:1)
  16 wyverns
  10 fire elementals
  9 wargs
  3 swamp worm simulacra (Swamp:4)
  3 golden eyes
  A human (shapeshifter) (Elf:1)
  A steam dragon (D:10)
  72 redbacks
  6 vampire mosquitoes
  11 swamp worms
  2 harpy simulacra (IceCv)
  12 hell hounds
  24 water moccasins
  13 hydra simulacra (Swamp:4)
  57 orc warriors
  4 ice beasts
  A laughing skull (Vaults:2)
  2 ettin simulacra (IceCv)
  14 black bears
  4 sky beasts
  5 centaurs
  23 ogres
  38 wolves
  A phantom (D:6)
  3 kobold brigands
  19 bullfrogs
  4 scorpions
  A gnoll sergeant (D:8)
  5 wights
  2 earth elementals
  49 killer bees
  A lindwurm simulacrum (IceCv)
  A bombardier beetle (D:4)
  2 lava snakes (D:15)
  31 orc priests
  3 jellies
  A gnoll bouda (D:4)
  An iguana (D:5)
  24 orc wizards
  Ijyb (D:5)
  Terence (D:2)
  3 sleepcaps
  A hell rat (Lair:2)
  5 gnolls
  5 adders
  A shadow imp (D:7)
  3 white imps
  5 swamp drake simulacra (Swamp:4)
  2 ufetubi (D:6)
  3 dart slugs
  A ribbon worm (D:3)
  117 orcs
  8 ball pythons
  4 bats
  11 endoplasms
  3 giant cockroaches (D:1)
  6 hobgoblins
  2 jackals (D:5)
  4 quokkas
  7 frilled lizards
  4 goblins
  10 kobolds
  6 rats
2275 creatures vanquished.

Vanquished Creatures (others)
  A spriggan (Swamp:2)
  A deep elf archer (Elf:1)
  2 hornets (Swamp:2)
  A jumping spider (Spider:2)
  A water elemental (Elf:2)
  A small abomination (D:15)
  8 ball lightnings (Elf:2)
15 creatures vanquished.

Grand Total: 2290 creatures vanquished

Notes
Turn   | Place    | Note
-------+----------+-------------------------------------------
     0 | D:1      | Aldia the Armataur Fighter began the quest for the Orb.
     0 | D:1      | Reached XP level 1. HP: 18/18 MP: 1/1
   110 | D:1      | Reached XP level 2. HP: 25/25 MP: 2/2
   252 | D:1      | Reached XP level 3. HP: 25/30 MP: 3/3
  1037 | D:2      | Reached XP level 4. HP: 34/38 MP: 4/4
  1094 | D:2      | Found a broken altar of Ashenzari.
  1116 | D:2      | Noticed Sigmund
  1133 | D:2      | Killed Sigmund
  1134 | D:2      | Reached XP level 5. HP: 26/45 MP: 5/5
  1228 | D:2      | Noticed Terence
  1242 | D:2      | Killed Terence
  1514 | D:3      | Reached skill level 5 in Armour
  1581 | D:3      | Found Qoimaemm's Book Emporium.
  1601 | D:3      | Found Supehi's General Store.
  1612 | D:3      | Bought a scroll of fear for 40 gold pieces
  1612 | D:3      | Bought a potion of curing for 30 gold pieces
  1647 | D:3      | Reached XP level 6. HP: 50/52 MP: 6/6
  1724 | D:3      | Found Jeysai's Assorted Antiques.
  1728 | D:3      | Bought a scroll labelled BAUKLA BIAZA for 28 gold pieces
  2574 | D:4      | Found a radiant altar of Vehumet.
  3078 | D:4      | Gained mutation: You regenerate magic and health when
                  | rolling toward enemies. (Rampage Regen) [Armataur growth]
  3078 | D:4      | Reached XP level 7. HP: 56/59 MP: 7/7
  3344 | D:4      | Reached skill level 5 in Maces & Flails
  3584 | D:5      | Entered Level 5 of the Dungeon
  3717 | D:5      | Found a snail-covered altar of Cheibriados.
  3878 | D:5      | Reached XP level 8. HP: 67/67 MP: 8/8
  3936 | D:5      | Noticed Ijyb
  3945 | D:5      | Killed Ijyb
  3946 | D:5      | Reached skill level 5 in Fighting
  4019 | D:5      | Identified the +1 falchion of Eternal Vigilance {freeze,
                  | rElec rPois SInv Stlth+}
  4606 | D:6      | Found a staircase to the Ecumenical Temple.
  4611 | Temple   | Entered the Ecumenical Temple
  4634 | Temple   | Became a worshipper of Warmaster Okawaru
  4863 | D:6      | Reached skill level 1 in Invocations
  4907 | D:6      | Noticed Grinder
  5096 | D:6      | Killed Grinder
  5730 | D:7      | Reached * piety under Okawaru
  5731 | D:7      | Reached XP level 9. HP: 75/75 MP: 10/10
  5902 | D:7      | Paralysed by a hornet for 1 turns
  5913 | D:7      | Paralysed by a hornet for 1 turns
  6111 | D:7      | Noticed a manticore
  6170 | D:7      | Killed a manticore
  6874 | D:8      | Reached ** piety under Okawaru
  6889 | D:8      | Noticed Psyche
  6912 | D:8      | Killed Psyche
  6993 | D:8      | Reached XP level 10. HP: 24/84 MP: 12/12
  7248 | D:8      | Noticed a boulder beetle
  7281 | D:8      | Killed a boulder beetle
  7281 | D:8      | Reached *** piety under Okawaru
  7290 | D:8      | Noticed a four-headed hydra
  7295 | D:8      | Noticed a cyclops
  7302 | D:8      | Killed a four-headed hydra
  7305 | D:8      | Noticed a cyclops
  7307 | D:8      | Killed a cyclops
  7308 | D:8      | Reached skill level 10 in Maces & Flails
  7316 | D:8      | Killed a cyclops
  7317 | D:8      | Reached skill level 10 in Armour
  7326 | D:8      | Noticed a tengu warrior
  7337 | D:8      | Killed a tengu warrior
  7337 | D:8      | Reached **** piety under Okawaru
  7342 | D:8      | Noticed a red ugly thing
  7390 | D:8      | Killed a red ugly thing
  7419 | D:8      | Learned a level 1 spell: Apportation
  7574 | D:9      | Noticed a two-headed ogre
  7586 | D:9      | Killed a two-headed ogre
  7643 | D:9      | Reached XP level 11. HP: 78/94 MP: 13/13
  7744 | D:9      | Reached ***** piety under Okawaru
  7982 | D:9      | Noticed a two-headed ogre
  7990 | D:9      | Killed a two-headed ogre
  8273 | D:9      | Noticed a two-headed ogre
  8280 | D:9      | Killed a two-headed ogre
  8280 | D:9      | Received a gift from Okawaru
  8730 | D:10     | Entered Level 10 of the Dungeon
  8791 | D:10     | Noticed Erica
  8812 | D:10     | Killed Erica
  9006 | D:10     | Noticed Lodul
  9024 | D:10     | Killed Lodul
  9029 | D:10     | Reached skill level 5 in Invocations
  9293 | D:10     | You fall into a shaft and drop 2 floors!
  9477 | D:11     | Noticed a sun demon
  9667 | D:3      | Bought a glowing eveningstar for 504 gold pieces
 10106 | D:10     | Received a gift from Okawaru
 10107 | D:10     | Reached skill level 1 in Evocations
 10206 | D:10     | Reached XP level 12. HP: 77/104 MP: 16/16
 10370 | D:11     | Found a staircase to the Lair.
 11020 | Lair:1   | Entered Level 1 of the Lair of Beasts
 11154 | Lair:1   | Received a gift from Okawaru
 11184 | Lair:1   | Reached skill level 5 in Shields
 11717 | Lair:1   | Reached skill level 10 in Fighting
 11718 | Lair:1   | Noticed Fannar
 11736 | Lair:1   | Killed Fannar
 11791 | Lair:1   | Found a transporter.
 11798 | Lair:1   | Noticed SlowGraham's ghost (journeyman DEMo)
 11817 | Lair:1   | Found a transporter.
 11846 | Lair:1   | Noticed a five-headed hydra
 12220 | Lair:2   | Found a hole to the Spider Nest.
 12263 | Lair:2   | Received a gift from Okawaru
 12498 | Lair:2   | Noticed Gastronok
 12505 | Lair:2   | Reached XP level 13. HP: 89/113 MP: 18/18
 12527 | Lair:2   | Killed Gastronok
 12788 | Lair:2   | Received a gift from Okawaru
 14379 | Lair:3   | Received a gift from Okawaru
 15072 | Lair:3   | Found a staircase to the Swamp.
 15457 | Lair:4   | Reached skill level 1 in Throwing
 15555 | Lair:4   | Found a staircase to the Slime Pits.
 16329 | Lair:5   | Entered Level 5 of the Lair of Beasts
 16343 | Lair:5   | Received a gift from Okawaru
 16345 | Lair:5   | Reached skill level 15 in Maces & Flails
 16478 | Lair:5   | Found a runed translucent gate.
 16478 | Lair:5   | Found a runed translucent gate.
 16478 | Lair:5   | Found a runed translucent gate.
 16483 | Lair:5   | Noticed Xavori's ghost (journeyman DjCK)
 16503 | Lair:5   | Reached XP level 14. HP: 124/124 MP: 20/20
 16582 | Lair:5   | Got the Thoughts on Toxic Arcane Weapons
 16739 | Lair:5   | Reached ****** piety under Okawaru
 16765 | Lair:5   | Acquired a +2 demon whip of flaming
 16765 | Lair:5   | Received a gift from Okawaru
 16770 | Lair:5   | Acquired a +2 barding of flying
 16770 | Lair:5   | Received a gift from Okawaru
 16870 | Lair:5   | Received a gift from Okawaru
 17178 | Lair:5   | Received a gift from Okawaru
 17583 | Lair:5   | Reached skill level 5 in Throwing
 17651 | Lair:5   | Received a gift from Okawaru
 18206 | Lair:5   | Reached skill level 10 in Shields
 18564 | D:12     | Noticed Rupert
 18574 | D:12     | Killed Rupert
 18634 | D:12     | Found a shimmering blue altar of Sif Muna.
 18752 | D:12     | Noticed Frances
 18765 | D:12     | Killed Frances
 18775 | D:12     | Reached skill level 1 in Dodging
 18894 | D:12     | Found a staircase to the Orcish Mines.
 18976 | D:12     | Reached XP level 15. HP: 124/132 MP: 21/21
 19242 | Orc:1    | Entered Level 1 of the Orcish Mines
 19255 | Orc:1    | Noticed Josephine
 19263 | Orc:1    | Killed Josephine
 19305 | Orc:1    | Found Huc Joog's Gadget Gallery.
 19332 | Orc:1    | Received a gift from Okawaru
 19763 | Orc:2    | Entered Level 2 of the Orcish Mines
 20057 | Orc:2    | Found Zeocen's Magic Scroll Emporium.
 20066 | Orc:2    | Bought a scroll of fear for 48 gold pieces
 20066 | Orc:2    | Bought a scroll of torment for 114 gold pieces
 20074 | Orc:2    | Found Hiolixt's Distillery.
 20109 | Orc:2    | Bought a potion of heal wounds for 70 gold pieces
 20338 | Orc:2    | Noticed Donald
 20347 | Orc:2    | Killed Donald
 20347 | Orc:2    | Received a gift from Okawaru
 20804 | Orc:2    | Noticed Azrael
 20827 | Orc:2    | Killed Azrael
 20993 | Orc:2    | Found a staircase to the Elven Halls.
 21052 | Orc:2    | Got Hiat Sed's Encyclopedia of Blows
 21194 | Orc:2    | Found Itay's General Store.
 21279 | Orc:2    | Bought a scroll of teleportation for 54 gold pieces
 21279 | Orc:2    | Bought a potion of heal wounds for 90 gold pieces
 21279 | Orc:2    | Bought a scroll of teleportation for 54 gold pieces
 21279 | Orc:2    | Bought a potion of curing for 54 gold pieces
 21279 | Orc:2    | Bought a scroll of enchant weapon for 135 gold pieces
 21515 | Orc:2    | Found Detesis's Assorted Antiques.
 21524 | Orc:2    | Bought an ichor-stained eveningstar for 380 gold pieces
 21524 | Orc:2    | Identified the +2 eveningstar of the Unkillable {antimagic,
                  | *Slow rElec rC- rN++ Stlth+} (You bought it in a shop on
                  | level 2 of the Orcish Mines)
 21789 | D:13     | Noticed Urug
 21795 | D:13     | Killed Urug
 21902 | D:13     | Identified the +7 dagger of the Blushing Penguin {heavy,
                  | rC+ Dex+3 SInv}
 22450 | D:14     | Found a sparkling altar of Nemelex Xobeh.
 22475 | D:14     | Received a gift from Okawaru
 22620 | D:14     | Reached skill level 5 in Dodging
 22720 | D:14     | Reached XP level 16. HP: 144/144 MP: 22/22
 22791 | D:14     | Found Jusidiy's Assorted Antiques.
 22798 | D:14     | Bought a scroll labelled FAN ROANUO for 36 gold pieces
 22806 | D:14     | Acquired a manual of Fighting
 22872 | D:14     | Noticed Louise
 22895 | D:14     | Killed Louise
 23092 | D:14     | Found a gate to the Vaults.
 23262 | D:15     | Entered Level 15 of the Dungeon
 23794 | D:15     | Received a gift from Okawaru
 24276 | D:15     | Found a runed translucent door.
 24382 | D:15     | Noticed Bodgh's ghost (weakling FoBr)
 24382 | D:15     | Noticed a lich
 24384 | D:15     | Noticed a tengu reaver
 24475 | D:15     | Found a runed translucent door.
 24633 | D:15     | Found a hide-covered altar of Uskayaw.
 24694 | D:15     | Found Liddan's Fire Supplies.
 24734 | D:15     | Bought a +2 helmet of fire resistance for 387 gold pieces
 24831 | D:15     | Received a gift from Okawaru
 24842 | D:15     | Reached skill level 15 in Fighting
 25029 | D:15     | Found a staircase to the Depths.
 25584 | Swamp:1  | Entered Level 1 of the Swamp
 25848 | Swamp:1  | Received a gift from Okawaru
 25950 | Swamp:1  | Noticed Mlioglotl
 25958 | Swamp:1  | Killed Mlioglotl
 26904 | Swamp:3  | Reached XP level 17. HP: 147/157 MP: 24/24
 27447 | Swamp:4  | Entered Level 4 of the Swamp
 27537 | Swamp:4  | Received a gift from Okawaru
 27604 | Swamp:4  | Reached skill level 15 in Shields
 27959 | Swamp:4  | Reached skill level 10 in Invocations
 28017 | Swamp:4  | Got a decaying rune of Zot
 28366 | Spider:1 | Entered Level 1 of the Spider Nest
 28615 | Spider:1 | Found a glacial archway.
 28661 | IceCv    | Entered an ice cave
 28673 | IceCv    | Received a gift from Okawaru
 28674 | IceCv    | HP: 7/159 [ettin simulacrum (11)]
 28675 | IceCv    | Found a transporter.
 28720 | IceCv    | Found a transporter.
 28992 | IceCv    | Identified the ring of Qefer {Ice Int+2 Dex+6}
 29444 | Spider:1 | You are sucked into a shaft and drop 1 floor!
 29611 | Spider:2 | Found a runed translucent gate.
 29611 | Spider:2 | Found a runed translucent gate.
 29612 | Spider:2 | Found a runed translucent gate.
 29613 | Spider:2 | Found the +7 great mace "Undeadhunter" {deathbane, rN+}
 29614 | Spider:2 | Noticed Rem's ghost (journeyman GnIE)
 30300 | Spider:1 | Received a gift from Okawaru
 30561 | Spider:1 | Found a runed translucent door.
 30562 | Spider:1 | Noticed Daunt's ghost (journeyman GnEE)
 30750 | Lair:1   | Killed SlowGraham's ghost
 30760 | Lair:1   | Identified the +0 cloak of Vermicelli {Str+3}
 30767 | Lair:1   | Acquired the +2 pair of gloves "Uqeunihe" {rC+ Str+4}
 31504 | Spider:2 | Identified the +2 mace of Eternal Harmony {drain, Fly Str+6
                  | Int-2}
 31553 | Spider:2 | Reached XP level 18. HP: 134/169 MP: 26/26
 31978 | Spider:3 | Learned a level 2 spell: Blink
 32208 | Spider:3 | Received a gift from Okawaru
 32543 | Spider:4 | Entered Level 4 of the Spider Nest
 32974 | Spider:4 | Received a gift from Okawaru
 33233 | Spider:4 | Reached skill level 15 in Armour
 33657 | Spider:4 | Received a gift from Okawaru
 33818 | Spider:4 | Got a gossamer rune of Zot
 34246 | Elf:1    | Entered Level 1 of the Elven Halls
 34467 | Elf:1    | Identified the serpent talisman "Murhabb" {rElec rC- rCorr
                  | Slay+2}
 34467 | Elf:1    | Noticed Aizul
 34471 | Elf:1    | Paralysed by an air elemental for 1 turns
 34477 | Elf:1    | Paralysed by an air elemental for 1 turns
 34485 | Elf:1    | Paralysed by an air elemental for 1 turns
 34486 | Elf:1    | Killed Aizul
 34488 | Elf:1    | Paralysed by an air elemental for 1 turns
 34860 | Elf:1    | Found Peiliuru's Armour Boutique.
 34909 | Elf:1    | Found Hygukoh's Jewellery Shoppe.
 35118 | Elf:1    | Found Uguufootz's Armour Emporium.
 35134 | Elf:1    | Found Botyutew's Distillery.
 35140 | Elf:1    | Bought a potion of magic for 112 gold pieces
 35211 | Elf:1    | Received a gift from Okawaru
 35712 | Elf:2    | Found a shimmering blue altar of Sif Muna.
 35768 | Elf:2    | Reached XP level 19. HP: 174/174 MP: 28/28
 35839 | Elf:2    | Found a runed translucent gate.
 35839 | Elf:2    | Found a runed translucent gate.
 35839 | Elf:2    | Found a runed translucent gate.
 35995 | Elf:2    | Identified the +3 ring mail of Zayweuczi {rN+ Regen+}
 36536 | Elf:3    | Entered Level 3 of the Elven Halls
 36569 | Elf:3    | Received a gift from Okawaru
 36636 | Elf:3    | Found a flickering gateway to a bazaar.
 36641 | Bazaar   | Entered a bazaar
 36641 | Bazaar   | Found Daecseq's Jewellery Shoppe.
 36641 | Bazaar   | Found Tikown's Distillery.
 36641 | Bazaar   | Found Hothedef's Distillery.
 36659 | Bazaar   | Bought a potion of haste for 90 gold pieces
 36667 | Bazaar   | Bought 2 potions of cancellation for 208 gold pieces
 36677 | Bazaar   | Bought 2 potions of curing for 78 gold pieces
 36677 | Bazaar   | Bought a potion of curing for 39 gold pieces
 36685 | Bazaar   | Bought a potion of curing for 27 gold pieces
 36685 | Bazaar   | Bought a potion of heal wounds for 45 gold pieces
 36685 | Bazaar   | Bought a potion of curing for 27 gold pieces
 36685 | Bazaar   | Bought a potion of might for 36 gold pieces
 36969 | Vaults:1 | Entered Level 1 of the Vaults
 37239 | Vaults:1 | Identified the +3 hand axe of Ywnev {freeze, MP+9}
 37319 | Vaults:1 | Found Evviqozy's Weapon Shop.
 37510 | Vaults:1 | Received a gift from Okawaru
 37689 | Vaults:1 | Found a crumbling gateway.
 37700 | Desolati | Entered the Desolation of Salt
 38000 | Desolati | Identified the +0 scale mail "Zewinis" {Stlth+}
 38003 | Desolati | Identified the +8 glaive of Blood {venom, Int+8}
 38012 | Desolati | Identified the +1 troll leather armour of the Sturgeon
                  | {^Drain rN+ Regen+ rCorr}
 38035 | Desolati | Received a gift from Okawaru
 38336 | Desolati | Got Jim Qyn's Codex of the Dislocated Evil Eye
 38337 | Desolati | Identified the amulet of Ecseashidghu {Acrobat Rampage rN+
                  | Dex+3}
 38465 | Desolati | Identified the ring "Qeintyas" {rElec Will- Dex+3 SInv}
 38471 | Desolati | Identified the +0 robe of Tortured Leaves {Str+2 Int+6}
 38596 | Vaults:1 | Reached XP level 20. HP: 189/189 MP: 29/29
 38609 | Vaults:1 | Found Osalalol's Assorted Antiques.
 38614 | Vaults:1 | Bought a coiled emerald amulet for 145 gold pieces
 38614 | Vaults:1 | Identified the amulet of Ehiedef {Regen+ Dex+4 Slay+3} (You
                  | bought it in a shop on level 1 of the Vaults)
 39384 | Vaults:2 | Found a runed translucent gate.
 39384 | Vaults:2 | Found a runed translucent gate.
 39384 | Vaults:2 | Found a runed translucent gate.
 39385 | Vaults:2 | Noticed deprived's ghost (veteran HOFi)
 39443 | Vaults:2 | Found Acoth's Armour Shop.
 39567 | Vaults:2 | Received a gift from Okawaru
 39583 | Vaults:2 | Found a staircase to the Crypt.
 40882 | Vaults:3 | Noticed Margery
 40898 | Vaults:3 | Killed Margery
 40959 | Vaults:3 | Noticed Jory
 40975 | Vaults:3 | Killed Jory
 41342 | Vaults:3 | Reached XP level 21. HP: 176/199 MP: 30/30
 41360 | Vaults:3 | Reached skill level 10 in Throwing
 41467 | Vaults:3 | Received a gift from Okawaru
 41593 | Vaults:3 | Found Qadec's Antique Weapon Emporium.
 41841 | Vaults:3 | Paralysed by a formless jellyfish for 1 turns
 42115 | Vaults:4 | Found a magical portal.
 42124 | WizLab   | Entered Wucad Mu's Monastery
 42360 | WizLab   | Found the crystal ball of Wucad Mu {*channel}
 42408 | WizLab   | Reached XP level 22. HP: 209/209 MP: 9/31
 42702 | Vaults:4 | Identified the ring of Luihak {Ice rN++ rCorr Str-3 SInv}
 42906 | Vaults:4 | Received a gift from Okawaru
 43509 | Depths:1 | Entered Level 1 of the Depths
 43511 | Depths:1 | You are sucked into a shaft and drop 1 floor!
 43530 | Depths:2 | Noticed Boris
 43552 | Depths:2 | Killed Boris
 43643 | Depths:2 | Found a one-way gate leading to the halls of Pandemonium.
 43890 | Depths:2 | Found a gateway to Hell.
 43949 | Depths:2 | Found a one-way gateway to a ziggurat.
 43952 | Depths:1 | Found a corrupted altar of Lugonu.
 43952 | Depths:1 | Found a one-way gate to the infinite horrors of the Abyss.
 44025 | Depths:1 | Learned a level 4 spell: Manifold Assault
 44155 | Depths:1 | Found a runed translucent gate.
 44155 | Depths:1 | Found a runed translucent gate.
 44157 | Depths:1 | Found a runed translucent gate.
 44157 | Depths:1 | Identified the amulet of Seuggoubez {RegenMP Slay+2 Stlth+}
 44158 | Depths:1 | Noticed zenocrate's ghost (adept VSEn)
 44194 | Depths:1 | Reached XP level 23. HP: 203/218 MP: 32/32
 45042 | Depths:2 | Gained mutation: You are clumsy. (Dex -2) [a shining eye]
 45103 | Depths:2 | Reached skill level 1 in Translocations
 45526 | Depths:3 | Received a gift from Okawaru
 45531 | Depths:3 | Noticed Norris
 45536 | Depths:3 | Reached skill level 1 in Spellcasting
 45543 | Depths:3 | Killed Norris
 45961 | Depths:3 | Identified the ring "Iskeixzom" {Will+ rCorr MP+9 Str+2
                  | Int+3}
 46561 | Depths:4 | Entered Level 4 of the Depths
 46607 | Depths:4 | Noticed a juggernaut
 46616 | Depths:4 | Killed a juggernaut
 46617 | Depths:4 | Reached skill level 5 in Spellcasting
 46687 | Depths:4 | Reached skill level 5 in Translocations
 46868 | Depths:4 | Noticed a caustic shrike
 46871 | Depths:4 | Noticed a caustic shrike
 46872 | Depths:4 | Noticed a caustic shrike
 46872 | Depths:4 | Noticed a caustic shrike
 46879 | Depths:4 | Killed a caustic shrike
 46884 | Depths:4 | Killed a caustic shrike
 46889 | Depths:4 | Killed a caustic shrike
 46893 | Depths:4 | Killed a caustic shrike
 46934 | Depths:4 | Found a gate to the Realm of Zot.
 46938 | Depths:4 | Received a gift from Okawaru
 46949 | Depths:3 | Learned a level 4 spell: Passage of Golubria
 47119 | Arena    | Entered the Arena
 47249 | Depths:4 | Reached XP level 24. HP: 228/230 MP: 33/33
 47286 | Depths:4 | Noticed a juggernaut
 47301 | Depths:4 | Killed a juggernaut
 47382 | Depths:4 | Identified the +1 arbalest "Denno" {penet, *Corrode Fly
                  | Dex+3}
 48058 | Slime:1  | Entered Level 1 of the Pits of Slime
 48703 | Slime:5  | Entered Level 5 of the Pits of Slime
 48703 | Slime:5  | Found the +7 lajatang of Order {silver, rMut}
 49005 | Slime:5  | Paralysed by a formless jellyfish for 1 turns
 49297 | Slime:5  | Noticed the Royal Jelly
 49364 | Slime:5  | Killed the Royal Jelly
 49427 | Slime:5  | Identified the +1 morningstar of the Harvest {vamp, Str+2
                  | Dex+2}
 49454 | Slime:5  | Identified the +1 robe of Rotini {rC++ Slay-2 Archmagi}
 49456 | Slime:5  | Identified the ring of Uxoevo {rPois Str-5 Dex-5 SInv
                  | Stlth+}
 49465 | Slime:5  | Got a slimy rune of Zot
 49504 | Slime:5  | Identified the +0 sling "Escheki Oghe" {speed, ^Drain Str+7
                  | SInv}
 49506 | Slime:5  | Got the Information on Convocation and Ectoplasm
 49850 | Zot:1    | Entered Level 1 of the Realm of Zot
 49886 | Zot:1    | Learned a level 2 spell: Lesser Beckoning
 49892 | Depths:4 | Learned a level 3 spell: Teleport Other
 49950 | Zot:1    | Noticed an orb of fire
 49966 | Zot:1    | Killed an orb of fire
 50073 | Arena    | Entered the Arena
 50429 | Zot:2    | Reached skill level 10 in Translocations
 50645 | Zot:2    | Received a gift from Okawaru
 50898 | Zot:1    | HP: 8/233 [black draconian knight/bolt of lightning[a
                  | yellow draconian annihilator] (22)]
 51580 | Zot:2    | Reached XP level 25. HP: 240/240 MP: 33/33
 51725 | Zot:2    | Noticed an orb of fire
 51735 | Zot:2    | Killed an orb of fire
 52129 | Zot:2    | Found a huge runed translucent gate.
 52129 | Zot:2    | Found a huge runed translucent gate.
 52129 | Zot:2    | Found a huge runed translucent gate.
 52129 | Zot:2    | Found a huge runed translucent gate.
 52129 | Zot:2    | Found a huge runed translucent gate.
 52129 | Zot:2    | Found a huge runed translucent gate.
 52129 | Zot:2    | Found a huge runed translucent gate.
 52129 | Zot:2    | Found a huge runed translucent gate.
 52130 | Zot:2    | Found a huge runed translucent gate.
 52130 | Zot:2    | Found a huge runed translucent gate.
 52131 | Zot:2    | Found a huge runed translucent gate.
 52131 | Zot:2    | Found a huge runed translucent gate.
 52136 | Zot:2    | Found a huge runed translucent gate.
 52136 | Zot:2    | Found a huge runed translucent gate.
 52137 | Zot:2    | Found a huge runed translucent gate.
 52138 | Zot:2    | Found a huge runed translucent gate.
 52139 | Zot:2    | Found a huge runed translucent gate.
 52140 | Zot:2    | Found a huge runed translucent gate.
 52141 | Zot:2    | Found a huge runed translucent gate.
 52142 | Zot:2    | Found a huge runed translucent gate.
 52144 | Zot:2    | Found a huge runed translucent gate.
 52144 | Zot:2    | Found a huge runed translucent gate.
 52148 | Zot:2    | Found a huge runed translucent gate.
 52149 | Zot:2    | Found a huge runed translucent gate.
 52150 | Zot:2    | Found a huge runed translucent gate.
 52150 | Zot:2    | Found a huge runed translucent gate.
 52151 | Zot:2    | Found a huge runed translucent gate.
 52152 | Zot:2    | Found a huge runed translucent gate.
 52153 | Zot:2    | Found a huge runed translucent gate.
 52154 | Zot:2    | Found a huge runed translucent gate.
 52154 | Zot:2    | Found a huge runed translucent gate.
 52158 | Zot:2    | Found a huge runed translucent gate.
 52159 | Zot:2    | Found a huge runed translucent gate.
 52160 | Zot:2    | Found a huge runed translucent gate.
 52160 | Zot:2    | Found a huge runed translucent gate.
 52162 | Zot:2    | Found a huge runed translucent gate.
 52610 | Zot:3    | Noticed Parghit
 52629 | Zot:3    | Killed Parghit
 52876 | Zot:3    | Found a stormy altar of Qazlal.
 52928 | Zot:3    | Found a runed translucent gate.
 52929 | Zot:3    | Found a runed translucent gate.
 52929 | Zot:3    | Found an opulent altar of Gozag.
 52930 | Zot:3    | Found a runed translucent gate.
 52932 | Zot:3    | Noticed runemage's ghost (legendary GnFi)
 53025 | Zot:3    | Found Ippo's Assorted Antiques.
 54608 | Zot:4    | Identified the amulet "Urghyso" {Faith rPois rCorr Dex+2}
 54612 | Zot:4    | Identified the +7 spear "Pomee" {chaos, *Slow rC+ rN+
                  | rCorr}
 54612 | Zot:4    | Identified the ring of Raihuro {rN+ Str+6 Dex+5}
 55096 | Zot:5    | Entered Level 5 of the Realm of Zot
 55171 | Zot:5    | Identified the +2 long sword "Qischufi" {flame, rC++}
 55605 | Zot:5    | Noticed an orb of fire
 55608 | Zot:5    | Gained mutation: Your body sometimes deteriorates upon
                  | taking damage. [an orb of fire]
 55611 | Zot:5    | Noticed an ancient lich
 55613 | Zot:5    | Gained mutation: You are very clumsy. (Dex -4) [an orb of
                  | fire]
 55615 | Zot:5    | Gained mutation: You are frail. (-10% HP) [an orb of fire]
 55619 | Zot:5    | Gained mutation: You do not regenerate when monsters are
                  | visible. [an orb of fire]
 55624 | Zot:5    | Killed an orb of fire
 55685 | Zot:4    | Killed an ancient lich
 55687 | Zot:4    | Lost mutation: You are very clumsy. (Dex -4) [potion of
                  | mutation]
 55687 | Zot:4    | Lost mutation: You are frail. (-10% HP) [potion of
                  | mutation]
 55687 | Zot:4    | Lost mutation: You do not regenerate when monsters are
                  | visible. [potion of mutation]
 55687 | Zot:4    | Gained mutation: You are robust. (+10% HP) [potion of
                  | mutation]
 55687 | Zot:4    | Gained mutation: Your movements are slightly less
                  | encumbered by armour. (ER -2) [potion of mutation]
 55985 | Zot:5    | Noticed a Killer Klown
 55985 | Zot:5    | Noticed an ancient lich
 55985 | Zot:5    | Noticed an ancient lich
 56004 | Zot:5    | Killed a Killer Klown
 56005 | Zot:5    | Reached skill level 10 in Dodging
 56034 | Zot:5    | Noticed a Killer Klown
 56045 | Zot:5    | Killed a Killer Klown
 56061 | Zot:5    | Killed an ancient lich
 56110 | Zot:5    | Noticed a dread lich
 56124 | Zot:5    | Killed a dread lich
 56125 | Zot:5    | Reached XP level 26. HP: 272/276 MP: 33/33
 56186 | Zot:5    | Got the Orb of Zot
 56189 | Zot:5    | Noticed Pybu the pandemonium lord
 56215 | Zot:5    | Killed Pybu the pandemonium lord
 56222 | Zot:5    | Paralysed by a Zot trap for 3 turns
 56467 | Depths:1 | Noticed Limeg the pandemonium lord
 56488 | D:15     | Noticed Zuwn the pandemonium lord
 56843 | D:$      | Escaped with the Orb!

Illustrated notes

Levels and vault maps discovered:
D:1:      dpeg_arrival_three_bigger_balls, layout_loops_ring,
          minmay_misc_feat_columns, st_stairs_14
D:2:      layout_basic, basic_altar, uniq_terence, uniq_sigmund
D:3:      layout_loops_ring, serial_shops, nicolae_shop_tiny_waterfront, shop,
          shop
D:4:      minmay_wonky_spiral, layout_cave_pods, amcnicky_altar_gilded
D:5:      layout_basic, cheibriados_altar_1, uniq_ijyb
D:6:      layout_rooms, minmay_temple_entry_wispy, uniq_grinder
D:7:      layout_gridville
D:8:      minmay_the_grid_octo_triangle [minmay_the_grid_octo_odd_swirl,
          minmay_the_grid_octo_prize_single_spiral, minmay_the_grid_octo_focus],
          layout_cave_pools, uniq_psyche
D:9:      layout_gridville
D:10:     layout_loops_ring, uniq_erica, uniq_lodul
D:11:     layout_big_octagon, hellmonk_lair_entry_icy
D:12:     layout_roguey, david_orc_1_choice, hellmonk_sif_muna_bookshelves,
          uniq_rupert, uniq_frances
D:13:     layout_irregular_city, uniq_urug
D:14:     layout_roguey, hangedman_vaults_entry_quadrant_bands, basic_altar,
          serial_shops, nicolae_shop_overgrown_old_shop, uniq_louise
D:15:     hellmonk_depths_entry_around_the_bend, layout_cave_pods,
          muffindrake_ghost_dual_entry, grunt_decor_junction,
          nicolae_concentric_dashed_squares_wild, nicolae_shop_fire_sale
          [nicolae_sub_dead_trees], nicolae_uskayaw_murder_on_the_dancefloor
Temple:   mainiacjoe_temple_big_plus
Lair:1:   layout_regular_city, gammafunk_ghost_berserking_beasts,
          beast_lair_carwin_2, grunt_megastairs_5, uniq_fannar
Lair:2:   hangedman_what_comes_after_a, layout_regular_city,
          spider_nest_entry_a, ldierk_geyser, minmay_lair_oklob_bushes,
          minivault_24, nicolae_lair_grove_arrangements, uniq_gastronok
Lair:3:   layout_cave_pods, mainiacjoe_swamp_entry_lozenge_pond,
          lemuel_fruit_fields
Lair:4:   layout_loops_ring, slime_entry_1, infiniplex_staircase_pool_2
Lair:5:   hangedman_lair_caniforms_friends, layout_long_grid,
          hangedman_lair_tendril_chambers, gammafunk_ghost_necromancy
Swamp:1:  layout_basic_swamp, evilmike_swamp_ruin_house_4, uniq_mlioglotl
Swamp:2:  layout_falls_marsh, evilmike_swamp_ruin_rubble_1
Swamp:3:  layout_basic_swamp, evilmike_swamp_ruin_house_3,
          infiniplex_staircase_pool, nicolae_swamp_decorative_isthmus
Swamp:4:  swamp_icy, layout_basic_swamp
Spider:1: layout_cave_pods, ebering_ghost_reflecting_pool,
          portal_ice_cave_entry_pillars_2, drop_trap
Spider:2: layout_cave_pods, ebering_ghost_rock_garden
Spider:3: layout_spider_delve, drop_trap
Spider:4: hellmonk_spider_rune_bug_friends
Slime:1:  layout_caves
Slime:2:  layout_caves
Slime:3:  layout_caves
Slime:4:  layout_caves
Slime:5:  slime_pit_nicolae_jellycorners
Orc:1:    layout_caves, basic_altar, nicolae_shop_gadgets, uniq_josephine
Orc:2:    pubby_orc_utopia, serial_shops, uniq_donald, uniq_azrael
Elf:1:    elf_arrival_002, layout_geoelf_grid, serial_shops, shop,
          nicolae_shop_hallway_plus, nicolae_shop_getting_attention, shop,
          minivault_28, uniq_aizul
Elf:2:    nicolae_elf_blades_splatter_lattice [grunt_blade_entry_basic],
          layout_geoelf_octagon, serial_aquarium, aquarium_bridge_island_small
          [aquarium_subvault_small_open, aquarium_subvault_balcony,
          aquarium_subvault_bridge, aquarium_subvault_bridge,
          aquarium_subvault_window], aquarium_window_corridor_1,
          aquarium_window_2, aquarium_window_2, aquarium_view_2a,
          aquarium_pool_split, basic_altar, minivault_23, minivault_27
Elf:3:    minmay_elf_hall_circle, layout_gridlike, serial_shops, bzr_entry_road,
          serial_sigils_hangedman_carve, minivault_23
Vaults:1: portal_desolation_entry_nicolae_slug, nicolae_vaults_big_ls,
          nicolae_vaults_hexular_roomagon, nicolae_vaults_minivaults,
          nicolae_vaults_layer_cake_slice, nicolae_vaults_circle_grid_a,
          vaults_mumra_chevron, hangedman_vaults_slice, minmay_orc_keep,
          layout_vaults_omnicross, serial_shops, shop,
          nicolae_shop_back_alley_shop
Vaults:2: gammafunk_ghost_spectres, nicolae_vaults_wrenched,
          minmay_crypt_entry_simple_sparse, nicolae_vaults_little_squares_3,
          grunt_vaults_focal, nicolae_vaults_diamond_1,
          nicolae_vaults_diamond_1, nicolae_vaults_wine_cellar,
          layout_vaults_quadrants, serial_shops, nicolae_shop_back_alley_shop
Vaults:3: nicolae_vaults_circle_grid_b, v_pattern_3, nicolae_vaults_what_the_h,
          nicolae_vaults_tetromino_L_1, nicolae_vaults_frosty_reception,
          nicolae_vaults_house_3, hangedman_vaults_pinch, v_misc_17,
          st_more_cells, ontoclasm_vaults_spin, vaults_room_semicircle,
          layout_vaults_omnibox, serial_shops, shop, uniq_margery, uniq_jory
Vaults:4: mu_enter_wizlab_4, nicolae_vaults_door_testing_chamber,
          nicolae_vaults_sesquioval_fish, st_lattice, nicolae_vaults_house_2,
          nicolae_vaults_network_square, v_rooms_1, nicolae_vaults_turnstiles,
          hangedman_vaults_cutoff, nicolae_vaults_oval_intersection, v_misc_24,
          vaults_room_semicircle, layout_vaults_maze
Depths:1: layout_cave_pools, hell_entry, gammafunk_ghost_split,
          abyss_entry_flame_altar, serial_library_hellmonk_filled_rooms,
          kilobyte_rumbling_trees
Depths:2: minmay_expanding_squares, layout_honeycomb, enter_ziggurat_e,
          rand_demon_pan_entry_8, hangedman_abyss_entry_splay, hell_entry,
          roderic_lattice_octagonal_star, uniq_boris
Depths:3: four-leaf_vault, layout_twisted_cross, hangedman_coc_ice_floe,
          abyss_entry, serial_library, serial_library_regret_index_headful,
          serial_library_regret_index_branch_corner,
          serial_library_regret_index_split_case,
          serial_library_hellmonk_room_b, serial_library_hellmonk_hallway_b,
          serial_library_hellmonk_small_alcove,
          serial_library_hellmonk_secret_room, uniq_norris
Depths:4: grunt_zot_entry_bicorn, layout_gridville, abyss_entry, hellmouth_3
Zot:1:    layout_gridville
Zot:2:    layout_misc_corridors, regret_index_zotdec_under_construction,
          not_door_vault_due
Zot:3:    layout_basic, ebering_ghost_gozag, hangedman_zot_diagonal_lockstep,
          regret_index_zotdec_storm_pass, uniq_parghit
Zot:4:    layout_cathedral_of_symmetry, st_large_dragon_hoard_4
Zot:5:    layout_cathedral_of_symmetry

Skill      XL: |  1  2  3  4  5  6  7  8  9 10 11 12 13 14 15 16 17 18 19 20 21 22 23 24 25 |
---------------+----------------------------------------------------------------------------+-----
Maces & Flails | 2 3 4 6 7 9 10 12 13 15 16 | 16.0
Armour         | 4 5 6 7 9 10 11 12 14 15 16 18 19 20 22 23 | 23.0
Fighting       | 3 4 5 6 8 9 10 11 12 13 15 17 18 19 20 21 22 23 | 23.4
Shields        | 4 6 8 10 12 14 16 18 20 21 22 23 | 23.5
Invocations    | 1 3 5 7 8 9 11 12 | 12.3
Evocations     | 1 3 |  3.0
Throwing       | 2 5 7 9 10 11 | 11.0
Dodging        | 1 5 6 10 | 10.4
Translocations | 6 10 12 | 12.0
Spellcasting   | 6 7 |  7.0

Action                     |  1- 3 |  4- 6 |  7- 9 | 10-12 | 13-15 | 16-18 | 19-21 | 22-24 | 25-27 || total
---------------------------+-------+-------+-------+-------+-------+-------+-------+-------+-------++-------
  Melee: Flail             |    99 |   192 |   360 |   112 |       |       |       |       |       ||   763
         Tailslap          |    13 |    17 |    59 |    95 |   201 |   263 |   272 |   444 |   157 ||  1521
         Whip              |       |       |       |   231 |       |       |       |       |       ||   231
         Eveningstar       |       |       |       |   284 |  1338 |  1453 |  1183 |  1718 |   651 ||  6627
  Throw: Javelin           |       |       |       |       |       |     8 |       |    10 |     1 ||    19
   Cast: Apportation       |       |       |       |       |       |       |       |       |     1 ||     1
         Blink             |       |       |       |       |       |       |       |       |     1 ||     1
         Passage of Golubr |       |       |       |       |       |       |       |       |     1 ||     1
 Invoke: Heroism           |       |       |     1 |     7 |    16 |    22 |    21 |    28 |    15 ||   110
         Finesse           |       |       |       |     3 |     7 |     8 |     9 |    13 |     8 ||    48
         Receive Weapon    |       |       |       |       |     1 |       |       |       |       ||     1
         Receive Armour    |       |       |       |       |     1 |       |       |       |       ||     1
         Duel              |       |       |       |       |       |       |       |     2 |       ||     2
  Evoke: Wand              |       |       |       |     2 |       |       |       |     4 |       ||     6
         Lightning rod     |       |       |       |       |       |       |       |     1 |       ||     1
    Use: Scroll            |     1 |     1 |     5 |    12 |    11 |     8 |     4 |    18 |     6 ||    66
         Potion            |       |     2 |       |     3 |     1 |     3 |     2 |    19 |    12 ||    42
   Stab: Invisible         |       |       |       |     9 |       |       |       |       |       ||     9
         Confused          |       |       |       |       |       |       |     1 |       |       ||     1
 Armour: Scale mail        |    91 |   141 |   336 |   444 |   457 |       |       |       |       ||  1469
         Storm dragon scal |       |       |       |       |   218 |   201 |       |       |       ||   419
         Plate armour      |       |       |       |       |       |   810 |   231 |       |       ||  1041
         Crystal plate arm |       |       |       |       |       |       |   367 |  1146 |   101 ||  1614
         Gold dragon scale |       |       |       |       |       |       |       |       |   340 ||   340
  Dodge: Dodged            |    33 |    72 |   147 |   139 |   191 |   162 |   127 |   223 |    98 ||  1192
  Block: Buckler           |    20 |    30 |    67 |   251 |   146 |       |       |       |       ||   514
         Reflection        |       |       |       |     5 |    43 |    35 |    11 |       |       ||    94
         Tower shield      |       |       |       |       |   845 |  1092 |  1427 |  1809 |   622 ||  5795
         Kite shield       |       |       |       |       |   244 |   545 |       |       |       ||   789
